 Dungeon Crawl Stone Soup version 0.30.0-29-ga12c61a403 (webtiles) character file.

Game seed: 16444522659196513120

440 qw the Chopper (level 7, -9/43 HPs)
             Began as a Gargoyle Fighter on June 5, 2023.
             Killed by divine providence
             ... invoked by an orc priest
              (15 damage)
             ... on level 4 of the Dungeon.
             The game lasted 00:01:39 (2889 turns).

qw the Chopper (Gargoyle Fighter)                   Turns: 2889, Time: 00:01:40

Health: -9/43      AC: 13    Str: 21    XL:     7   Next: 2%
Magic:  7/7        EV:  8    Int: 15    God:
Gold:   155        SH:  0    Dex: 14    Spells: 6/6 levels left

rFire   . . .        Y - +0 war axe
rCold   . . .        c - +0 buckler
rNeg    + . .        k - +0 chain mail
rPois   inf          (no helmet)
rElec   +            (no cloak)
rCorr   +            (no gloves)
SInv    .            (no boots)
Will    .....        (no amulet) Stlth
                     a - ring of Yteidghos {rCorr Int+6 Dex+5}
HPRegen 0.27/turn    (no ring)
MPRegen 0.10/turn

%: no passive effects
@: confused
A: sickness immunity, AC +4, negative energy resistance 1, electricity
resistance, torment resistance 1, petrification resistance
a: no special abilities


You were on level 4 of the Dungeon.
You visited 1 branch of the dungeon, and saw 4 of its levels.

You collected 155 gold pieces.


Innate Abilities, Weirdness & Mutations

You are immune to sickness and miasma.
Your stone body is resilient. (AC +4)
You are immune to poison.
You resist negative energy. (rN+)
You are resistant to electric shocks. (rElec)
You are resistant to unholy torment.
You are immune to petrification.


   Skills:
 - Level 4.0 Fighting
 + Level 5.9 Axes
 - Level 3.2 Armour
 - Level 1.7 Dodging
 - Level 3.2 Shields


You had 6 spell levels left.
You didn't know any spells.
Your spell library was empty.

Inventory:

Hand Weapons
 h - a +2 morningstar of flaming
 Y - a +0 war axe (weapon)
Missiles
 m - 4 boomerangs (quivered)
Armour
 c - a +0 buckler (worn)
 k - a +0 chain mail (worn)
Jewellery
 a - the ring of Yteidghos (left hand) {rCorr Int+6 Dex+5}
   (You found it on level 3 of the Dungeon)

   [ring of intelligence]

   Int:       It affects your intelligence (+6).
   Dex:       It affects your dexterity (+5).
   rCorr:     It protects you from acid and corrosion.
Scrolls
 b - a scroll of teleportation
 g - a scroll of identify
Potions
 d - a potion of might
 e - a potion of heal wounds {unknown}
 i - a potion of haste
 j - a potion of cancellation {unknown}
 p - a potion of brilliance {unknown}

Dungeon Overview and Level Annotations

Branches:
Dungeon (4/15)
 Temple: D:4-7

Altars:
Ashenzari


Message History

You barely miss the orc.
The orc is heavily wounded.
You hit something. The orc priest barely misses you.
You hear some strange, mumbled words.
A puff of flame appears from out of thin air!
The puff of flame hits you! The orc hits you but does no damage.
You block the orc's attack. Something hits you but does no damage.
The orc priest closely misses you.
You hit the orc.
You kill the orc!
You hit something.
The orc priest hits you but does no damage.
Something hits you but does no damage. You block the orc priest's attack.
Something hits you but does no damage.
Enter note:
Enter note:
Enter note: You barely miss the orc priest.
You closely miss something. Something hits you but does no damage.
The orc priest mumbles some strange prayers to Beogh against you.
Beogh smites you!
You barely miss the orc priest. You hit something but do no damage.
The orc priest invokes the aid of Beogh against you.
Pain shoots through your body! Something hits you but does no damage.
You barely miss the orc priest. You miss something.
You hear some strange, mumbled words.
You are confused.
The orc priest closely misses you. Something hits you but does no damage.
The orc priest hits you with a +0 trident.
Something hits you but does no damage.
The orc priest hits you with a +0 trident.
Something hits you but does no damage.
The orc priest hits you with a +0 trident.
Something hits you but does no damage. The orc priest barely misses you.
Something hits you but does no damage.
The orc priest looks braver for a moment.
The orc priest invokes the aid of Beogh against you.
Beogh smites you!
You die...

. #.###.#.....# #.#
.###...###...###...#
#.##..## ####...#
.#.##..##.###.#### +#
.#.##).##........# ...
.....).######.##.# ....
##.##)######..##.# .....
##.##.........##.#......
...............)@o...?..
##.########....){.......
##.# ##.#.###...... ...#
###.# .#.... #..# #.# #
... ...# #.. +# #.## #.#
.. #.# #


You could see an orc priest.

Vanquished Creatures
  Grinder (D:3)
  A scorpion (D:4)
  Terence (D:2)
  Natasha (D:4)
  An orc wizard (D:4)
  3 adders
  2 dart slugs
  10 orcs (D:4)
  9 endoplasms
  2 giant cockroaches
  5 goblins
  3 hobgoblins
  10 kobolds
  5 quokkas
  3 ball pythons
  5 bats
  A frilled lizard (D:1)
  21 rats
84 creatures vanquished.

Notes
Turn   | Place    | Note
-------+----------+-------------------------------------------
     0 | D:1      | qw the Gargoyle Fighter began the quest for the Orb.
     0 | D:1      | Reached XP level 1. HP: 14/14 MP: 1/1
     0 | D:1      | 0 ||| qw: Version: 0.2-a-108-gee2c290
     0 | D:1      | 0 ||| qw: Game counter: 1354
     0 | D:1      | 0 ||| qw: Always use a shield: true
     0 | D:1      | 0 ||| qw: God list: Okawaru
     0 | D:1      | 0 ||| qw: Allow faded altars: false
     0 | D:1      | 0 ||| qw: Do Orc after D:15 true
     0 | D:1      | 0 ||| qw: Do second Lair branch before Depths: true
     0 | D:1      | 0 ||| qw: Lair rune preference: random
     0 | D:1      | 0 ||| qw: Plans: Normal, Zot:1-4, Slime:5, God:TSO, Crypt,
                  | Tomb, Abyss, Pan, Hells, Win
     0 | D:1      | 0 ||| PLANNING D:1-11
    34 | D:1      | Reached skill level 2 in Axes
   158 | D:1      | Reached XP level 2. HP: 13/19 MP: 2/2
   526 | D:1      | Reached skill level 3 in Axes
   590 | D:1      | Reached XP level 3. HP: 23/23 MP: 3/3
  1053 | D:1      | 1053 ||| READING scroll labelled MEONGYN PEOLU.
  1056 | D:1      | 1056 ||| READING scroll labelled JUEKIQ LENAULU.
  1157 | D:1      | 1157 ||| READING scroll labelled PACRAEG HORI.
  1211 | D:2      | 1211 ||| Stepping ~*~*~tactically~*~*~ (stealth).
  1212 | D:2      | 1212 ||| Stepping ~*~*~tactically~*~*~ (stealth).
  1218 | D:2      | 1218 ||| FLEEEEING.
  1219 | D:2      | 1219 ||| FLEEEEING.
  1220 | D:2      | 1220 ||| FLEEEEING.
  1221 | D:2      | 1221 ||| FLEEEEING.
  1222 | D:2      | 1222 ||| FLEEEEING.
  1223 | D:2      | 1223 ||| FLEEEEING.
  1248 | D:2      | 1248 ||| Stepping ~*~*~tactically~*~*~ (stealth).
  1413 | D:2      | 1413 ||| Stepping ~*~*~tactically~*~*~ (stealth).
  1749 | D:2      | Noticed Terence
  1759 | D:2      | Killed Terence
  1760 | D:2      | Reached skill level 4 in Axes
  1760 | D:2      | Reached XP level 4. HP: 20/28 MP: 4/4
  1786 | D:2      | 1786 ||| Stepping ~*~*~tactically~*~*~ (stealth).
  1892 | D:2      | 1892 ||| Stepping ~*~*~tactically~*~*~ (stealth).
  1937 | D:2      | 1937 ||| Stepping ~*~*~tactically~*~*~ (stealth).
  2029 | D:2      | 2029 ||| UPGRADING to +0 chain mail.
  2039 | D:2      | 2039 ||| DROPPING +0 scale mail.
  2040 | D:2      | 2040 ||| READING scroll labelled ILAUMPAEVO.
  2041 | D:2      | 2041 ||| READING 2 scrolls labelled PEFILUTIYQ.
  2042 | D:2      | 2042 ||| DROPPING scroll of immolation.
  2088 | D:3      | Identified the ring of Yteidghos {rCorr Int+6 Dex+5}
  2126 | D:3      | Noticed Grinder
  2127 | D:3      | 2127 ||| Stepping ~*~*~tactically~*~*~ (stealth).
  2131 | D:3      | Paralysed by Grinder for 3 turns
  2144 | D:3      | HP: 7/28 [Grinder/nerve-wracking pain (3)]
  2145 | D:3      | 2145 ||| READING scroll of teleportation.
  2146 | D:3      | Killed Grinder
  2147 | D:3      | Reached skill level 5 in Axes
  2147 | D:3      | Reached XP level 5. HP: 9/32 MP: 5/5
  2147 | D:3      | Reached XP level 6. HP: 10/37 MP: 6/6
  2148 | D:3      | 2148 ||| FLEEEEING.
  2149 | D:3      | 2149 ||| FLEEEEING.
  2150 | D:3      | 2150 ||| FLEEEEING.
  2151 | D:3      | 2151 ||| FLEEEEING.
  2152 | D:3      | 2152 ||| FLEEEEING.
  2153 | D:3      | 2153 ||| FLEEEEING.
  2154 | D:3      | 2154 ||| FLEEEEING.
  2155 | D:3      | 2155 ||| FLEEEEING.
  2156 | D:3      | 2156 ||| FLEEEEING.
  2157 | D:3      | 2157 ||| FLEEEEING.
  2158 | D:3      | 2158 ||| FLEEEEING.
  2159 | D:3      | 2159 ||| FLEEEEING.
  2160 | D:3      | 2160 ||| FLEEEEING.
  2161 | D:3      | 2161 ||| FLEEEEING.
  2168 | D:3      | 2168 ||| FLEEEEING.
  2169 | D:3      | 2169 ||| FLEEEEING.
  2170 | D:3      | 2170 ||| FLEEEEING.
  2171 | D:3      | 2171 ||| STAIRDANCE
  2247 | D:2      | 2247 ||| UPGRADING to ring of Yteidghos {rCorr Int+6
                  | Dex+5}.
  2378 | D:3      | Found a broken altar of Ashenzari.
  2413 | D:3      | 2413 ||| Stepping ~*~*~tactically~*~*~ (hiding).
  2415 | D:3      | 2415 ||| Stepping ~*~*~tactically~*~*~ (hiding).
  2416 | D:3      | 2416 ||| Stepping ~*~*~tactically~*~*~ (hiding).
  2671 | D:3      | 2671 ||| DROPPING ring of magical power.
  2672 | D:3      | 2672 ||| READING 2 scrolls labelled ISEOLE MIXZO.
  2673 | D:3      | 2673 ||| READING scroll labelled XEUGREAPIS.
  2674 | D:3      | 2674 ||| DRINKING 2 yellow potions.
  2675 | D:3      | 2675 ||| DRINKING 2 orange potions.
  2676 | D:3      | 2676 ||| DROPPING scroll of fog.
  2720 | D:4      | 2720 ||| Stepping ~*~*~tactically~*~*~ (stealth).
  2734 | D:4      | Reached skill level 1 in Dodging
  2764 | D:4      | Noticed Natasha
  2765 | D:4      | 2765 ||| Stepping ~*~*~tactically~*~*~ (hiding).
  2766 | D:4      | 2766 ||| Stepping ~*~*~tactically~*~*~ (hiding).
  2779 | D:4      | Killed Natasha
  2830 | D:4      | 2830 ||| DRINKING potion of curing.
  2830 | D:4      | 2830 ||| (to cure confusion)
  2836 | D:4      | Reached XP level 7. HP: 41/43 MP: 7/7
  2843 | D:4      | 2843 ||| DROPPING +0 whip.
  2884 | D:4      | HP: 6/43 [orc priest/+0 trident (5)]
  2889 | D:4      | Killed from afar by an orc priest

Levels and vault maps discovered:
D:1:      nzn_arrival_depleted_hourglass, layout_basic, serial_forest,
          infiniplex_forest_fountain, infiniplex_forest_lined_ring,
          infiniplex_forest_straight_2, infiniplex_forest_end_2,
          infiniplex_forest_corner_2, infiniplex_forest_end_3,
          infiniplex_forest_clump_curved, chequers_serial_rivers_room_a
D:2:      layout_basic, st_stairs_7, corexii_corridor_pit, minmay_rat_hole,
          uniq_terence
D:3:      layout_basic, nicolae_ashenzari_skybound, uniq_grinder
D:4:      nicolae_cairo_tiling, layout_loops_corners, nicolae_shop_gadgets,
          uniq_natasha

Skill      XL: |  1  2  3  4  5  6 |
---------------+-------------------+-----
Axes           | 2 3 4 5 |  5.9
Dodging        | 1 |  1.7
Fighting       | 4 |  4.0
Armour         | |  3.2
Shields        | |  3.2

Action                     |  1- 3 |  4- 6 |  7- 9 || total
---------------------------+-------+-------+-------++-------
  Melee: War axe           |   125 |    93 |     9 ||   227
  Throw: Boomerang         |       |    13 |     2 ||    15
    Use: Scroll            |     3 |     5 |       ||     8
         Potion            |       |     3 |       ||     3
 Armour: Scale mail        |    49 |     2 |       ||    51
         Chain mail        |       |    49 |    20 ||    69
  Dodge: Dodged            |    53 |    24 |     9 ||    86
  Block: Buckler           |    18 |    25 |     4 ||    47

Table legend:
 A = Non-vault XP
 B = Vault XP
 C = Vault XP percentage of total XP
 D = Non-vault monster count
 E = Vault monster count
 F = Vault count percentage of total count
                 A         B        C        D         E       F
            +---------+---------+-------+---------+---------+-------
      Total |     260 |     369 |  58.7 |      61 |      23 |  27.4
            +---------+---------+-------+---------+---------+-------
        D:1 |      38 |       0 |   0.0 |      23 |       0 |   0.0
        D:2 |      26 |      57 |  68.7 |       8 |      21 |  72.4
        D:3 |      45 |     277 |  86.0 |      14 |       1 |   6.7
        D:4 |     151 |      35 |  18.8 |      16 |       1 |   5.9
            +---------+---------+-------+---------+---------+-------
